 Dungeon Crawl Stone Soup version 0.31-a0-152-g6aa68a64a1 (webtiles) character file.

Game seed: 12426459148990511242

7687 qw the Skirmisher (level 11, -1/97 HPs)
             Began as a Minotaur Hunter on June 10, 2023.
             Was a Priest of Okawaru.
             Slain by a death yak (17 damage)
             ... on level 8 of the Dungeon.
             The game lasted 00:02:29 (6310 turns).

qw the Skirmisher (Minotaur Hunter)                 Turns: 6310, Time: 00:02:29

Health: -1/97      AC: 11    Str: 22    XL:     11   Next: 0%
Magic:  10/13      EV: 24    Int:  8    God:    Okawaru [***...]
Gold:   506        SH:  0    Dex: 26    Spells: 10/10 levels left

rFire   . . .        Y - +0 orcbow (drain)
rCold   . . .        (shield currently unavailable)
rNeg    . . .        f - +3 acid dragon scales
rPois   .            (helmet restricted)
rElec   .            (no cloak)
rCorr   +            (no gloves)
SInv    .            (no boots)
Will    .....        (no amulet)
Stlth   +++          b - ring "Toizisij" {rCorr Str+6 Int+2 Dex+2}
HPRegen 0.36/turn    i - +6 ring of dexterity
MPRegen 0.13/turn

%: no passive effects
@: heroic
A: horns 2, retaliatory headbutt
a: Renounce Religion, Heroism


You were on level 8 of the Dungeon.
You worshipped Okawaru.
Okawaru was most pleased with you.
You visited 2 branches of the dungeon, and saw 9 of its levels.

You collected 506 gold pieces.


Innate Abilities, Weirdness & Mutations

You have a pair of horns on your head.
You reflexively headbutt those who attack you in melee.


   Skills:
 - Level 9.2(14.2) Fighting
 + Level 13.8(18.8) Ranged Weapons
 - Level 3.2(8.2) Armour
 - Level 8.7(13.7) Dodging
 - Level 0.7(5.7) Stealth
 - Level 4.0 Invocations


You had 10 spell levels left.
You didn't know any spells.
Your spell library was empty.

Inventory:

Hand Weapons
 Y - a +0 orcbow of draining (weapon)
Armour
 f - +3 acid dragon scales (worn)
Jewellery
 a - the ring "Wyebre Qeive" {Ice rElec Int+4 Dex-4 Slay+5}
   (You acquired it on level 8 of the Dungeon)

   [ring of ice]

   It enhances your ice magic.
   Int:       It affects your intelligence (+4).
   Dex:       It affects your dexterity (-4).
   Slay:      It affects your accuracy & damage with ranged weapons and melee
   (+5).
   rF:        It makes you vulnerable to fire.
   rC:        It protects you from cold.
   rElec:     It insulates you from electricity.
 b - the ring "Toizisij" (left hand) {rCorr Str+6 Int+2 Dex+2}
   (You found it on level 2 of the Dungeon)

   [ring of strength]

   Str:       It affects your strength (+6).
   Int:       It affects your intelligence (+2).
   Dex:       It affects your dexterity (+2).
   rCorr:     It protects you from acid and corrosion.
 i - a +6 ring of dexterity (right hand)
Scrolls
 j - 3 scrolls of identify
Potions
 e - a potion of might
 g - a potion of curing

Dungeon Overview and Level Annotations

Branches:
Dungeon (8/15)             Temple (1/1) D:5
   Lair: D:8-11

Altars:
Cheibriados
Dithmenos
Fedhas
Hepliaklqana
Makhleb
Nemelex Xobeh
Okawaru
Qazlal
Sif Muna
Uskayaw
Xom
Yredelemnul
Zin
The Shining One

Shops:
D:6 :

Annotations:
D:3 2 runed translucent doors, Crazy Yiuf; qw's ghost, amateur MiHu
D:5 1 runed translucent door, qw's ghost, novice GrFi
D:8 exclusion: 9 tengu warriors


Message History

The death yak gores you! The yak gores you. The yak completely misses you.
The yak closely misses you. You furiously retaliate!
You headbutt the yak.
6303 ||| INVOKING Heroism.
You gain the combat prowess of a mighty hero.
The death yak completely misses you. You furiously retaliate!
You headbutt the death yak. The yak completely misses you. x2
You furiously retaliate!
You headbutt the yak. You shoot an arrow.
The arrow hits the death yak but does no damage.
The death yak is severely wounded.
The yak closely misses you. x2
The death yak gores you but does no damage.
You shoot an arrow. The arrow hits the death yak!
You drain the death yak.
The death yak is almost dead.
You shoot an arrow. The arrow barely misses the death yak.
The arrow barely misses the yak.
The death yak misses you. You furiously retaliate!
You headbutt the death yak! The death yak closely misses you.
The yak misses you. The yak closely misses you. You furiously retaliate!
You headbutt the yak! The yak barely misses you. You furiously retaliate!
You headbutt the yak. You shoot an arrow. The arrow hits the death yak!
You kill the death yak!
Okawaru is honoured by your kill.
The death yak gores you but does no damage.
The yak gores you but does no damage. The yak gores you. x2
You shoot an arrow. The arrow barely misses the yak.
The yak barely misses you. The yak completely misses you.
The yak closely misses you. You furiously retaliate!
You headbutt the yak! The death yak gores you. The yak closely misses you.
You furiously retaliate!
You headbutt the yak! You shoot an arrow. The arrow hits the yak!!
You drain the yak.
You kill the yak!
Okawaru accepts your kill.
You have reached level 11!
You shoot an arrow.
The arrow hits the yak but does no damage.
You drain the yak.
The yak is severely wounded.
The death yak gores you!
You die...

.....#........####............
.....##..##...#...%...........
........###...#.....)........#
##.##...##....................
#......%<............##......#
........%............#......##
..........#..#........#....#
##......###..#Y.....>###..#
#............@YY..##.#
#...........YY...## ..
##.......<.>.Y.......
##........###..#.... ..... ..#
... #### ... .. .... . .....


You could see a death yak and 5 yaks.

Vanquished Creatures
  2 two-headed ogres
  2 death yaks (D:8)
  2 cyclopes (D:8)
  A wyvern (D:6)
  2 yaks (D:8)
  2 steam dragons
  An acid dragon (D:7)
  5 water moccasins
  3 orc warriors
  A sky beast (D:7)
  3 black bears
  3 ogres
  5 centaurs
  2 phantoms
  A kobold brigand (D:7)
  5 bullfrogs
  A gnoll sergeant (D:7)
  7 wights
  5 killer bees
  2 howler monkeys
  3 hounds
  2 jellies
  An orc priest (D:6)
  A gnoll bouda (D:6)
  5 orc wizards
  A sleepcap (D:7)
  5 iguanas
  13 gnolls
  7 adders
  A shadow imp (D:5)
  3 white imps
  2 ufetubi
  A worm (D:3)
  2 dart slugs
  15 orcs
  9 ball pythons
  2 bats (D:1)
  10 endoplasms
  4 giant cockroaches
  8 goblins
  5 hobgoblins
  2 jackals (D:1)
  A quokka (D:5)
  3 frilled lizards
  8 kobolds
  4 rats
173 creatures vanquished.

Notes
Turn   | Place    | Note
-------+----------+-------------------------------------------
     0 | D:1      | qw the Minotaur Hunter began the quest for the Orb.
     0 | D:1      | Reached XP level 1. HP: 18/18 MP: 0/0
     0 | D:1      | 0 ||| qw: Version: 0.2-a-122-gbc61b45
     0 | D:1      | 0 ||| qw: Game counter: 3519
     0 | D:1      | 0 ||| qw: Always use a shield: true
     0 | D:1      | 0 ||| qw: God list: Okawaru
     0 | D:1      | 0 ||| qw: Allow faded altars: false
     0 | D:1      | 0 ||| qw: Do Orc after D:15 true
     0 | D:1      | 0 ||| qw: Do second Lair branch before Depths: true
     0 | D:1      | 0 ||| qw: Lair rune preference: random
     0 | D:1      | 0 ||| qw: Plans: Normal
     0 | D:1      | 0 ||| PLANNING D:1-11
   125 | D:1      | Reached XP level 2. HP: 25/25 MP: 1/1
   136 | D:1      | Reached skill level 5 in Ranged Weapons
   278 | D:1      | Reached skill level 3 in Fighting
   551 | D:1      | Reached XP level 3. HP: 31/31 MP: 2/2
   591 | D:1      | 591 ||| UPGRADING to +0 ring mail.
   601 | D:1      | 601 ||| DROPPING +0 leather armour.
   602 | D:1      | 602 ||| DROPPING +6 ring of intelligence.
   603 | D:1      | 603 ||| READING 3 scrolls labelled KIRCHARGHU SAIKKU.
   604 | D:1      | 604 ||| READING scroll labelled BAEGRUPPUX.
   605 | D:1      | 605 ||| READING scroll labelled YHUAR MIRIGIFONEX.
   658 | D:1      | 658 ||| READING scroll labelled SOIFAR FEUNA.
   659 | D:1      | 659 ||| DROPPING scroll of butterflies.
   686 | D:2      | 686 ||| STAIRDANCE
   689 | D:1      | Reached skill level 1 in Armour
   739 | D:2      | Identified the ring "Toizisij" {rCorr Str+6 Int+2 Dex+2}
  1301 | D:2      | 1301 ||| UPGRADING to ring "Toizisij" {rCorr Str+6 Int+2
                  | Dex+2}.
  1302 | D:2      | 1302 ||| READING scroll labelled BIOJEF YGYA.
  1303 | D:2      | 1303 ||| READING scroll labelled ROBYACZ AXZEM.
  1303 | D:2      | Identified a scroll of acquirement
  1303 | D:2      | 1303 ||| ACQUIRING +6 shortbow of draining
  1303 | D:2      | Acquired a +6 shortbow of draining
  1305 | D:2      | 1305 ||| SWAPPING to +6 shortbow of draining.
  1306 | D:2      | 1306 ||| DROPPING +0 shortbow.
  1402 | D:3      | Reached XP level 4. HP: 38/38 MP: 3/3
  1480 | D:3      | Found a runed translucent door.
  1481 | D:3      | Noticed qw's ghost (amateur MiHu)
  1633 | D:3      | Found a basalt altar of Yredelemnul.
  2012 | D:3      | Reached skill level 6 in Ranged Weapons
  2025 | D:3      | Found a runed translucent door.
  2026 | D:3      | Noticed Crazy Yiuf
  2029 | D:3      | 2029 ||| UPGRADING to +6 ring of dexterity.
  2030 | D:3      | 2030 ||| READING scroll labelled OFU JENWICLU.
  2031 | D:3      | 2031 ||| READING scroll labelled CEOM PEXZAO.
  2032 | D:3      | 2032 ||| DRINKING 3 metallic orange potions.
  2033 | D:3      | 2033 ||| DRINKING 2 purple potions.
  2034 | D:3      | 2034 ||| DROPPING 2 potions of attraction.
  2036 | D:3      | 2036 ||| Stepping ~*~*~tactically~*~*~ (cloud).
  2399 | D:4      | Reached skill level 3 in Dodging
  2416 | D:4      | Reached XP level 5. HP: 46/46 MP: 4/4
  2784 | D:4      | Noticed an ogre
  2789 | D:4      | Killed an ogre
  2789 | D:4      | Noticed an ogre
  2790 | D:4      | Reached skill level 7 in Ranged Weapons
  2790 | D:4      | Reached XP level 6. HP: 52/52 MP: 5/5
  2968 | D:4      | 2968 ||| READING scroll labelled PONIBO SAVU.
  2969 | D:4      | 2969 ||| READING scroll labelled ZODEGG QEZOARPH.
  2970 | D:4      | 2970 ||| READING 2 scrolls of identify.
  2970 | D:4      | 2970 ||| IDENTIFYING coppery potion
  3032 | D:5      | Entered Level 5 of the Dungeon
  3080 | D:5      | Reached skill level 8 in Ranged Weapons
  3164 | D:5      | Reached XP level 7. HP: 60/60 MP: 6/6
  3167 | D:5      | Found a runed translucent door.
  3169 | D:5      | Noticed qw's ghost (novice GrFi)
  3381 | D:5      | Found a staircase to the Ecumenical Temple.
  3382 | D:5      | 3382 ||| PLANNING TEMPLE
  3382 | D:5      | 3382 ||| READING scroll labelled COMARU ISASCH.
  3436 | Temple   | Entered the Ecumenical Temple
  3453 | Temple   | 3453 ||| PLANNING OKAWARU WORSHIP
  3500 | Temple   | Became a worshipper of Warmaster Okawaru
  3500 | Temple   | 3500 ||| PLANNING D:1-11
  3670 | D:5      | You fall into a shaft and drop 3 floors!
  3671 | D:8      | 3671 ||| READING scroll labelled ZEC LUXTANOHI.
  3672 | D:8      | 3672 ||| READING 2 scrolls labelled CAKHYU VUTE.
  3683 | D:7      | 3683 ||| Stepping ~*~*~tactically~*~*~ (outnumbered).
  3701 | D:7      | HP: 13/61 [orc wizard/magic dart (5)]
  3702 | D:7      | 3702 ||| DRINKING 3 potions of heal wounds.
  3797 | D:6      | Reached skill level 9 in Ranged Weapons
  3832 | D:6      | Reached XP level 8. HP: 57/69 MP: 7/7
  3894 | D:6      | Found Byfriq's Vocational Training.
  3921 | D:6      | Reached * piety under Okawaru
  3922 | D:6      | Reached skill level 6 in Fighting
  3922 | D:6      | 3922 ||| INVOKING Heroism.
  3961 | D:6      | Found a stormy altar of Qazlal.
  3985 | D:6      | Reached skill level 1 in Invocations
  4021 | D:6      | 4021 ||| INVOKING Heroism.
  4047 | D:6      | 4047 ||| READING 2 scrolls of identify.
  4047 | D:6      | 4047 ||| IDENTIFYING viscous emerald potion
  4048 | D:6      | 4048 ||| DROPPING potion of ambrosia.
  4179 | D:6      | Reached skill level 10 in Ranged Weapons
  4181 | D:6      | 4181 ||| INVOKING Heroism.
  4185 | D:6      | Reached skill level 3 in Invocations
  4186 | D:6      | HP: 15/71 [wight/+0 trident (10)]
  4187 | D:6      | 4187 ||| READING scroll of teleportation.
  4188 | D:6      | 4188 ||| DRINKING 2 potions of heal wounds.
  4410 | D:6      | 4410 ||| SWAPPING to +0 orcbow.
  4411 | D:6      | 4411 ||| DROPPING +7 heavy shortbow.
  4412 | D:6      | 4412 ||| READING 2 scrolls of brand weapon.
  4412 | D:6      | 4412 ||| BRANDING +0 orcbow.
  4413 | D:6      | 4413 ||| READING scroll of brand weapon.
  4413 | D:6      | 4413 ||| BRANDING +0 orcbow of chaos.
  4624 | D:6      | 4624 ||| READING 4 scrolls of identify.
  4624 | D:6      | 4624 ||| IDENTIFYING green potion
  4625 | D:6      | 4625 ||| READING 3 scrolls of identify.
  4625 | D:6      | 4625 ||| IDENTIFYING lumpy emerald potion
  4626 | D:6      | 4626 ||| DROPPING potion of degeneration.
  4790 | D:7      | Reached XP level 9. HP: 76/79 MP: 9/11
  4790 | D:7      | 4790 ||| INVOKING Heroism.
  4806 | D:7      | Reached ** piety under Okawaru
  5015 | D:7      | 5015 ||| INVOKING Heroism.
  5018 | D:7      | Reached skill level 11 in Ranged Weapons
  5158 | D:7      | 5158 ||| Stepping ~*~*~tactically~*~*~ (cloud).
  5160 | D:7      | 5160 ||| INVOKING Heroism.
  5182 | D:7      | Reached skill level 6 in Dodging
  5358 | D:7      | 5358 ||| INVOKING Heroism.
  5484 | D:7      | Noticed a two-headed ogre
  5485 | D:7      | 5485 ||| INVOKING Heroism.
  5492 | D:7      | Killed a two-headed ogre
  5493 | D:7      | Reached skill level 12 in Ranged Weapons
  5692 | D:7      | 5692 ||| Stepping ~*~*~tactically~*~*~ (outnumbered).
  5899 | D:7      | 5899 ||| UPGRADING to +0 acid dragon scales.
  5909 | D:7      | 5909 ||| DROPPING +0 ring mail.
  5910 | D:7      | 5910 ||| READING 3 scrolls of enchant armour.
  5910 | D:7      | 5910 ||| ENCHANTING +0 acid dragon scales.
  5911 | D:7      | 5911 ||| READING 2 scrolls of enchant armour.
  5911 | D:7      | 5911 ||| ENCHANTING +1 acid dragon scales.
  5912 | D:7      | 5912 ||| READING scroll of enchant armour.
  5912 | D:7      | 5912 ||| ENCHANTING +2 acid dragon scales.
  5913 | D:7      | 5913 ||| DROPPING ring of magical power.
  5914 | D:7      | 5914 ||| READING scroll labelled NOSOPIOPPOIX.
  5915 | D:7      | 5915 ||| READING scroll labelled NENOQO IRGHIBA.
  5942 | D:8      | 5942 ||| STAIRDANCE
  5949 | D:7      | Reached skill level 3 in Armour
  5949 | D:7      | Reached XP level 10. HP: 62/86 MP: 12/12
  6098 | D:8      | 6098 ||| INVOKING Heroism.
  6117 | D:8      | 6117 ||| READING scroll of acquirement.
  6117 | D:8      | 6117 ||| ACQUIRING ring "Wyebre Qeive" {Ice rElec Int+4
                  | Dex-4 Slay+5}
  6117 | D:8      | Acquired the ring "Wyebre Qeive" {Ice rElec Int+4 Dex-4
                  | Slay+5}
  6165 | D:8      | Noticed a two-headed ogre
  6166 | D:8      | 6166 ||| INVOKING Heroism.
  6173 | D:8      | Killed a two-headed ogre
  6174 | D:8      | Reached skill level 13 in Ranged Weapons
  6198 | D:8      | 6198 ||| INVOKING Heroism.
  6228 | D:8      | Noticed a cyclops
  6231 | D:8      | 6231 ||| INVOKING Heroism.
  6237 | D:8      | Noticed a tengu warrior
  6238 | D:8      | Killed a cyclops
  6239 | D:8      | Reached skill level 9 in Fighting
  6263 | D:8      | 6263 ||| FLEEEEING.
  6264 | D:8      | 6264 ||| FLEEEEING.
  6265 | D:8      | 6265 ||| INVOKING Heroism.
  6267 | D:8      | HP: 16/91 [tengu warrior/+0 glaive (12)]
  6268 | D:8      | 6268 ||| READING 2 scrolls of teleportation.
  6269 | D:8      | 6269 ||| DRINKING 2 potions of heal wounds.
  6272 | D:8      | Noticed a cyclops
  6274 | D:8      | HP: 17/91 [cyclops (10)]
  6275 | D:8      | 6275 ||| READING scroll of teleportation.
  6275 | D:8      | Identified the +8 fire dragon scales of Pajyakhu {rF++ rC-
                  | Str+2}
  6275 | D:8      | Noticed a centaur warrior
  6276 | D:8      | 6276 ||| DRINKING potion of heal wounds.
  6277 | D:8      | Killed a cyclops
  6277 | D:8      | Reached *** piety under Okawaru
  6279 | D:8      | Noticed a death yak
  6283 | D:8      | Noticed a death yak
  6287 | D:8      | Noticed a death yak
  6293 | D:8      | Killed a death yak
  6302 | D:8      | HP: 21/91 [yak (3)]
  6303 | D:8      | 6303 ||| INVOKING Heroism.
  6307 | D:8      | Killed a death yak
  6307 | D:8      | HP: 20/91 [yak (3)]
  6310 | D:8      | Reached XP level 11. HP: 16/97 MP: 10/13
  6310 | D:8      | Slain by a death yak

Levels and vault maps discovered:
D:1:      ebering_trefoil_3fold, layout_basic, minmay_misc_feat_diagonals,
          minmay_vboxes
D:2:      layout_basic, minmay_cut_off
D:3:      layout_loops_ring, mainiacjoe_overflow_24_doors,
          ebering_ghost_sewer_d, uniq_crazy_yiuf_cottage
D:4:      layout_basic
D:5:      layout_loops_ring, minmay_temple_entry_ruins,
          ebering_ghost_reflecting_pool
D:6:      layout_cave_pools, mainiacjoe_overflow_alcove_2, minivault_26,
          nicolae_shop_vocational
D:7:      layout_loops_corners, minmay_curled_crystal, minmay_fractal_squares_5
D:8:      minmay_the_grid_octo_triangle [minmay_the_grid_octo_clover,
          minmay_the_grid_octo_prize_big_c, minmay_the_grid_octo_focus],
          layout_cave_pools, nicolae_ru_great_annihilating_truth,
          dpeg_lair_monsters
Temple:   nicolae_temple_x_marks_the_god

Skill      XL: |  1  2  3  4  5  6  7  8  9 10 |
---------------+-------------------------------+-----
Ranged Weapons | 5 6 7 8 9 10 12 13 | 13.8
Fighting       | 3 4 5 7 9 |  9.2
Armour         | 1 2 3 |  3.2
Dodging        | 3 4 5 6 8 |  8.7
Invocations    | 4 |  4.0
Stealth        | |  0.7

Action                     |  1- 3 |  4- 6 |  7- 9 | 10-12 || total
---------------------------+-------+-------+-------+-------++-------
   Fire: Shortbow          |    89 |    69 |    91 |       ||   249
         Orcbow            |       |       |    98 |   113 ||   211
 Invoke: Heroism           |       |       |     8 |     6 ||    14
    Use: Scroll            |     6 |     5 |    14 |     3 ||    28
         Potion            |       |     2 |     2 |     2 ||     6
 Armour: Leather armour    |     5 |       |       |       ||     5
         Ring mail         |     2 |     1 |    18 |       ||    21
         Acid dragon scale |       |       |    16 |     4 ||    20
  Dodge: Dodged            |    15 |     5 |   133 |    35 ||   188

Table legend:
 A = Non-vault XP
 B = Vault XP
 C = Vault XP percentage of total XP
 D = Non-vault monster count
 E = Vault monster count
 F = Vault count percentage of total count
                 A         B        C        D         E       F
            +---------+---------+-------+---------+---------+-------
      Total |    5502 |    5480 |  49.9 |     136 |      37 |  21.4
            +---------+---------+-------+---------+---------+-------
        D:1 |      43 |      12 |  21.8 |      18 |       8 |  30.8
        D:2 |      23 |       3 |  11.5 |       7 |       2 |  22.2
        D:3 |      49 |       0 |   0.0 |      11 |       0 |   0.0
        D:4 |     415 |       0 |   0.0 |      22 |       0 |   0.0
        D:5 |     421 |       0 |   0.0 |      12 |       0 |   0.0
        D:6 |    1334 |       0 |   0.0 |      24 |       0 |   0.0
        D:7 |    2665 |     543 |  16.9 |      31 |       8 |  20.5
        D:8 |     552 |    4922 |  89.9 |      11 |      19 |  63.3
            +---------+---------+-------+---------+---------+-------
